 Dungeon Crawl Stone Soup version 0.17-a0-226-ge260c71 (webtiles) character file.

3520 xeno23 the Destroyer (level 9, -11/68 HPs)
             Began as a Green Draconian Conjurer on Mar 28, 2015.
             Was a Believer of Vehumet.
             Mangled by Prince Ribbit (15 damage)
             ... on level 8 of the Dungeon.
             The game lasted 01:23:32 (8934 turns).

xeno23 the Destroyer (Green Draconian Conjurer)     Turns: 8934, Time: 01:23:55

Health: -11/68     AC: 13    Str: 10    XL:     9   Next: 81%
Magic:  0/22       EV: 12    Int: 19    God:    Vehumet [**....]
Gold:   295        SH:  0    Dex: 12    Spells: 5 memorised, 3 levels left

rFire  . . .     SeeInvis .     y - +3 rapier (venom)
rCold  . . .     Clarity  .     (armour unavailable)
rNeg   . . .     SustAb   .     (no shield)
rPois  +         Gourm    .     (helmet restricted)
rElec  .         Spirit   .     H - +2 cloak {MR+}
rCorr  .         Warding  .     (no gloves)
rMut   .         Stasis   .     p - +2 pair of boots
MR     +....                    (no amulet)
Stlth  ++........               (no ring)
                                N - ring of wizardry

@: somewhat resistant to hostile enchantments, unstealthy
A: breathe noxious fumes, unfitting armour, poison resistance, cold-blooded, AC
+7
a: Breathe Noxious Fumes, Renounce Religion


You were on level 8 of the Dungeon.
You worshipped Vehumet.
Vehumet was pleased with you.
You were near starving.

You visited 2 branches of the dungeon, and saw 9 of its levels.

You collected 359 gold pieces.
You spent 64 gold pieces at shops.

Inventory:

Hand weapons
 w - a +0 blowgun
 y - a +3 rapier of venom (weapon)
 A - a +0 hunting sling
 E - a +4 quarterstaff of chaos
 F - a +0 trident of freezing
 K - a +0 glaive of freezing
Missiles
 i - 33 poisoned needles
 s - 14 silver sling bullets
 t - a throwing net
 D - 7 tomahawks (quivered)
 L - 5 poisoned tomahawks
Armour
 a - a cursed +2 shield
 p - a +2 pair of boots (worn)
 C - a +0 buckler
 H - a +2 cloak of magic resistance (worn)
Jewellery
 N - a ring of wizardry (left hand)
Magical devices
 B - a wand of slowing (36)
Scrolls
 f - 3 scrolls of teleportation
 g - 2 scrolls of remove curse
 h - a scroll of identify
 j - a scroll of blinking
 n - a scroll of enchant armour
 z - a scroll of recharging
 I - a scroll of magic mapping
 O - a scroll of fog
 Q - a scroll of enchant weapon
Potions
 e - 4 potions of curing
 k - 3 potions of haste
 l - 4 potions of brilliance
 m - 4 potions of heal wounds
 o - a potion of restore abilities {unknown}
 r - a potion of cancellation {unknown}
 u - a potion of invisibility
 v - 4 potions of agility
 x - 3 potions of ambrosia
 G - a potion of degeneration {unknown}
 J - 2 potions of might
 P - a potion of berserk rage {unknown}
Books
 c - a book of Conjurations

   Spells                             Type                      Level
   a - Magic Dart                     Conjuration                  1
   b - Searing Ray                    Conjuration                  2
   c - Dazzling Spray                 Conjuration/Hexes            3
   d - Fulminant Prism                Conjuration/Hexes            4
   e - Iskenderun's Mystic Blast      Conjuration                  4
   f - Iskenderun's Battlesphere      Conjuration/Charms           5
 M - a book of Dreams

   Spells                             Type                      Level
   a - Ensorcelled Hibernation        Hexes/Ice                    2
   b - Flight                         Charms/Air                   3
   c - Phase Shift                    Translocation                5
   d - Shadow Creatures               Summoning                    5
   e - Mass Confusion                 Hexes                        6
   f - Darkness                       Hexes                        7
Comestibles
 b - 5 bread rations
 d - 5 fruits
 q - 3 meat rations
 R - a chunk of flesh


   Skills:
 - Level 2.9 Fighting
 - Level 2.2 Dodging
 - Level 1.7 Stealth
 - Level 0.2 Shields
 + Level 6.0 Spellcasting
 * Level 10.2 Conjurations
 - Level 4.1 Hexes
 - Level 5.4 Charms


You had 3 spell levels left.
You knew the following spells:

 Your Spells              Type           Power        Failure   Level  Hunger
a - Magic Dart            Conj           ####         1%          1    None
c - Iskenderun's Battles  Conj/Chrm      #####...     6%          5    #####..
d - Fulminant Prism       Conj/Hex       ####......   3%          4    ####...
q - Dazzling Spray        Conj/Hex       ####....     1%          3    ##.....
w - Iskenderun's Mystic   Conj           #####...     1%          4    ####...


Dungeon Overview and Level Annotations

Branches:
Dungeon (8/15)             Temple (1/1) D:5
   Lair: D:8-11

Altars:
Cheibriados
Dithmenos
Elyvilon
Fedhas
Gozag
Kikubaaqudgha
Makhleb
Okawaru
Qazlal
Ru
Sif Muna
Trog
Vehumet
Xom
Yredelemnul
Zin
The Shining One

Shops:
D:6 *   D:7 **%**

Annotations:
D:8 Prince Ribbit


Innate Abilities, Weirdness & Mutations

You can breathe blasts of noxious fumes.
Your lurid green scales are hard (AC +7).
Your body does not fit into most forms of armour.
Your system is resistant to poisons.
You are cold-blooded and may be slowed by cold attacks.


Message History

Casting: Dazzling Spray
Confirm with . or Enter, or press ? or * to list all spells.
Aiming: Dazzling Spray
Press: ? - help, Shift-Dir - straight line, f/p - Prince Ribbit
Aim: Prince Ribbit (moderately wounded)
The spray of energy misses Prince Ribbit.
The spray of energy hits the iguana.
The iguana is heavily wounded.
The iguana is dazzled.
You are near starving!
Prince Ribbit hits you!
* * * LOW HITPOINT WARNING * * *
You take 8 damage.
You hit Prince Ribbit.
Prince Ribbit is poisoned.
Your tail-slap passes through Prince Ribbit as he momentarily phases out.
Prince Ribbit is heavily wounded.
Prince Ribbit hits you!
* * * LOW HITPOINT WARNING * * *
Prince Ribbit hits you!
You die...

#.# #.# #.## .
#..# ... .. ##.#
..... #. #.# ...
#. #.# ...
#.#####.#######...
#lF@.........##†#
#.#####.#####†##.#
.. #.# #.##.# ...
#.#####a##.# ...
#.......†..# .
#.............#
#.##.#####.##.# ..
...# #.##.# #
#.#..# #.##.#


You could see Prince Ribbit and an iguana (blind).

Vanquished Creatures
  Grinder (D:5)
  Eustachio (D:5)
  2 hippogriffs
  Menkaure (D:5)
  2 orc warriors (D:6)
  A sky beast (D:7)
  2 ogres
  A black bear (D:7)
  2 centaurs
  A wyvern zombie (D:8)
  4 giant frogs
  4 scorpions
  4 wights (D:8)
  5 killer bees
  5 crimson imps
  A goliath beetle (D:6)
  3 hounds
  Crazy Yiuf (D:2)
  A gnoll shaman (D:7)
  5 orc priests
  A centaur skeleton (D:6)
  A giant frog skeleton (D:5)
  9 worker ants
  An iguana (D:5)
  5 orc wizards
  A hound skeleton (D:8)
  7 adders
  4 gnolls (D:7)
  3 giant mites
  2 worms
  An ufetubus (D:5)
  An adder skeleton (D:7)
  6 giant geckos
  31 orcs
  A bat skeleton (D:5)
  8 giant cockroaches
  12 hobgoblins
  8 jackals
  9 quokkas
  2 ball pythons
  18 bats
  A giant gecko skeleton (D:5)
  7 giant newts
  14 goblins
  A jackal skeleton (D:4)
  10 kobolds
  12 rats
  A bush (D:4)
224 creatures vanquished.

Notes
Turn   | Place    | Note
--------------------------------------------------------------
     0 | D:1      | xeno23, the Draconian Conjurer, began the quest for the Orb.
     0 | D:1      | Reached XP level 1. HP: 14/14 MP: 3/3
    88 | D:1      | Reached skill level 1 in Fighting
   145 | D:1      | Reached XP level 2. HP: 15/23 MP: 0/4
   709 | D:1      | Reached XP level 3. HP: 13/29 MP: 6/6
   862 | D:1      | Learned a level 3 spell: Dazzling Spray
  1245 | D:2      | Noticed Crazy Yiuf
  1396 | D:2      | Found a bloodstained altar of Trog.
  1420 | D:2      | Reached XP level 4. HP: 27/37 MP: 1/8
  1608 | D:3      | Found a stormy altar of Qazlal.
  1661 | D:3      | Reached skill level 1 in Hexes
  1763 | D:3      | Reached XP level 5. HP: 16/44 MP: 1/10
  1860 | D:3      | Found a blossoming altar of Fedhas.
  2588 | D:4      | Learned a level 5 spell: Iskenderun's Battlesphere
  2863 | D:4      | Reached skill level 5 in Conjurations
  2863 | D:4      | Reached skill level 1 in Charms
  3262 | D:2      | Killed Crazy Yiuf
  3262 | D:2      | Reached XP level 6. HP: 50/50 MP: 1/11
  4528 | D:5      | Entered Level 5 of the Dungeon
  4720 | D:5      | Your scales start taking on a lurid green colour.
  4720 | D:5      | Gained mutation: Your system is resistant to poisons. [draconian maturity]
  4720 | D:5      | Reached XP level 7. HP: 25/56 MP: 8/13
  4888 | D:5      | Reached skill level 6 in Conjurations
  5110 | D:5      | Noticed Menkaure
  5121 | D:5      | Killed Menkaure
  5327 | D:5      | Noticed Grinder
  5814 | D:5      | Killed Grinder
  5814 | D:5      | Reached XP level 8. HP: 18/62 MP: 0/14
  5884 | D:5      | Found a staircase to the Ecumenical Temple.
  5896 | Temple   | Entered the Ecumenical Temple
  5989 | Temple   | Became a worshipper of Vehumet
  6068 | D:5      | Found a bloodstained altar of Trog.
  6202 | D:5      | Noticed Eustachio
  6277 | D:5      | Killed Eustachio
  6277 | D:5      | Reached skill level 7 in Conjurations
  6581 | D:6      | Found Diheicrops' Desiderata Depot.
  6765 | D:6      | Reached skill level 5 in Charms
  6852 | D:6      | Found a shimmering altar of Xom.
  7225 | D:6      | Acquired Vehumet's first power
  7225 | D:6      | Offered knowledge of Sandblast by Vehumet.
  7384 | D:6      | Reached XP level 9. HP: 28/68 MP: 6/20
  7486 | D:7      | Reached skill level 8 in Conjurations
  7646 | D:7      | Learned a level 4 spell: Fulminant Prism
  7663 | D:7      | Found Cowism's Food Boutique.
  7682 | D:7      | Reached skill level 5 in Spellcasting
  7725 | D:7      | Found Feaskaecs' General Store.
  7773 | D:7      | Reached skill level 9 in Conjurations
  7835 | D:7      | Learned a level 4 spell: Iskenderun's Mystic Blast
  7838 | D:7      | Bought a scroll of identify for 32 gold pieces
  7838 | D:7      | Bought a scroll of fog for 32 gold pieces
  7939 | D:7      | Found a glowing golden altar of the Shining One.
  8013 | D:7      | Found Bakosus' General Store.
  8071 | D:7      | Found Maf Ohif's General Store.
  8083 | D:7      | Found a shadowy altar of Dithmenos.
  8427 | D:7      | Found Fiv Hemisaig's Assorted Antiques.
  8584 | D:7      | Offered knowledge of Sting by Vehumet.
  8912 | D:8      | Reached skill level 10 in Conjurations
  8926 | D:8      | Noticed Prince Ribbit
  8934 | D:8      | Mangled by Prince Ribbit

Action                   |  1- 3 |  4- 6 |  7- 9 || total
-------------------------+-------+-------+-------++-------
Melee: Whip              |    54 |       |       ||    54
       Unarmed           |     5 |       |       ||     5
       Dagger            |    42 |   466 |   125 ||   633
       Rapier            |       |       |   205 ||   205
       Trident           |       |       |    12 ||    12
       Glaive            |       |       |    13 ||    13
 Fire: Hunting sling     |       |    17 |       ||    17
       Blowgun           |       |       |     3 ||     3
Throw: Tomahawk          |       |     3 |     7 ||    10
 Cast: Magic Dart        |    38 |    46 |    98 ||   182
       Dazzling Spray    |       |    18 |    52 ||    70
       Iskenderun's Batt |       |       |     5 ||     5
       Iskenderun's Myst |       |       |     7 ||     7
  Use: Scroll            |       |    12 |     8 ||    20
       Potion            |       |       |     1 ||     1
 Stab: Sleeping          |     3 |     3 |     1 ||     7
       Invisible         |       |     1 |     5 ||     6
  Eat: Chunk             |     2 |    12 |    20 ||    34
       Beef jerky        |       |     1 |       ||     1
